 Dungeon Crawl Stone Soup version 0.15-a0-1894-g162a615 (webtiles) character file.

606 Charly the Covert (level 7, -4/34 HPs)
             Began as a Vine Stalker Assassin on July 6, 2014.
             Was an Initiate of Ashenzari.
             Slain by a hill giant skeleton (19 damage)
             ... on Level 8 of the Dungeon.
             The game lasted 00:24:45 (1615 turns).

Charly the Covert (Vine Stalker Assassin)           Turns: 1615, Time: 00:24:45

HP  -4/34        AC  4     Str 14      XL: 7   Next: 42%
MP   0/9         EV 11     Int 11      God: Ashenzari [......]
Gold 128         SH  0     Dex 17      Spells:  2 memorised,  2 levels left

rFire  . . .     SeeInvis .     b - +0 blowgun
rCold  . . .     Clarity  .     c - +0 robe
rNeg   . . .     rCorr    .     (no shield)
rPois  +         rRot     +     (no helmet)
rElec  .         Spirit   +     d - +1 cloak (curse)
SustAb .         Warding  .     (no gloves)
rMut   .         Stasis   .     (no boots)
Gourm  .                        (no amulet)
MR     .....                    (no ring)
                                l - ring of poison resistance

@: repel missiles, not resistant to hostile enchantments, stealthy
A: fangs 2, regeneration 2, magic shield, antimagic bite, no device heal 3, rot
immunity
a: Renounce Religion


You were on level 8 of the Dungeon.
You worshipped Ashenzari.
Ashenzari was noncommittal.
You were hungry.

You visited 1 branch of the dungeon, and saw 8 of its levels.

You collected 128 gold pieces.

Inventory:

Hand weapons
 b - a +0 blowgun (weapon)
Missiles
 e - 7 poisoned needles (quivered)
 f - a curare-tipped needle
Armour
 c - a +0 robe (worn)
 d - a cursed +1 cloak (worn)
 s - a +0 helmet
Magical devices
 k - a wand of confusion (0)
Comestibles
 g - 2 bread rations
 i - a royal jelly
Jewellery
 l - a ring of poison resistance (left hand)
 o - an uncursed ring of flight
Potions
 a - a potion of brilliance
 h - a potion of lignification {unknown}
 j - 2 potions of curing {unknown}
 m - a potion of invisibility {unknown}
 p - a potion of heal wounds {unknown}
Books
 n - a book of Control

   Spells                             Type                      Level
   Control Teleport                   Charms/Translocation         4
   Control Undead                     Necromancy                   4
   Enslavement                        Hexes                        4
   Metabolic Englaciation             Hexes/Ice                    5
   Mass Confusion                     Hexes                        6


   Skills:
 - Level 1.7 Fighting
   Level 1.7 Short Blades
 - Level 1.7 Throwing
 - Level 0.7 Dodging
 + Level 9.5 Stealth
 * Level 4.1 Unarmed Combat
 * Level 1.3 Charms


You had 2 spell levels left.
You knew the following spells:

 Your Spells              Type           Power        Failure   Level  Hunger
q - Swiftness             Chrm/Air       #.......     43%         2    ###....
r - Repel Missiles        Chrm/Air       #.....       43%         2    ###....


Dungeon Overview and Level Annotations

Branches:
Dungeon (8/15)             Temple (0/1) D:6
   Lair: D:8-11

Altars:
Ashenzari
Nemelex Xobeh

Annotations:
D:6 Blork the orc
D:8 Charly's ghost, experienced VSAs


Innate Abilities, Weirdness & Mutations

You have extremely sharp teeth.
You heal very quickly.
When hurt, damage is shared between your health and your magic reserves.
Your bite disrupts and absorbs the magic of your enemies.
Potions and wands cannot restore your health.
You are immune to rotting.


Message History

Firing (i - inventory. (,) - cycle):
e - 8 poisoned needles (quivered)
Press: ? - help, Shift-Dir - straight line, f - worker ant
Aim: a worker ant (resting)
You shoot a poisoned needle.
The helpless worker ant fails to defend itself.
The poisoned needle hits the worker ant in a vulnerable spot!
The worker ant is poisoned.
The worker ant waves its antennae.
Your Charms skill increases to level 1!
You feel a bit more experienced.
Found a bread ration.
An orc comes into view. It is wielding a quarterstaff.
The orc moves out of view.
Found an uncursed dagger.
The orc wizard shouts!
The orc wizard gestures wildly while chanting.
The orc wizard seems to speed up.
The hill giant skeleton hits you!!
Ouch! That really hurt!
You die...

,** **,,,*#.....## ###.#* ,*
**,,,*##......####..#* ,**
*,,,*##.......>##..#* # ,,*
*,,.##.....%.......# ### ,.*
*,,..o.....#.......# ##.. ..*
*,,.......##.....(.### ##...
..##**..).....#..........####..).
...###.....W%..Z...######..)...).
................@..# ###....).
..............%....#* ##..<##
*.Y%....##..........# ##.##
*#.....####....###..#* #.(#
*#<............# *##.#* #..#
#.............## *#.#* #..#
.......>.....#* *#,*** #..#
.....#####*#.,* **,,**#..#*
...### **,* **,,*#...**


You could see an orc wizard, Charly's ghost (wandering) and a hill giant
skeleton.

Vanquished Creatures
  A black bear (D:7)
  A centaur (D:7)
  4 giant frogs
  A scorpion (D:4)
  A crimson imp (D:7)
  2 orc wizards
  A worker ant (D:8)
  An iguana zombie (D:5)
  A giant gecko (D:3)
  5 orcs
  2 bats
  A bat skeleton (D:7)
  A giant cockroach (D:3)
  2 jackals (D:5)
  A giant newt (D:6)
  4 goblins
  4 kobolds
  A quokka (D:8)
  3 rats
  A rat zombie (D:7)
38 creatures vanquished.

Notes
Turn   | Place    | Note
--------------------------------------------------------------
     0 | D:1      | Charly, the Vine Stalker Assassin, began the quest for the Orb.
     0 | D:1      | Reached XP level 1. HP: 11/11 MP: 1/1
    71 | D:2      | Reached skill level 5 in Stealth
   178 | D:3      | Reached XP level 2. HP: 15/15 MP: 3/3
   203 | D:3      | Found a shattered altar of Ashenzari.
   212 | D:3      | Became a worshipper of Ashenzari the Shackled
   306 | D:4      | Noticed a scorpion
   313 | D:4      | Killed a scorpion
   313 | D:4      | Reached skill level 6 in Stealth
   313 | D:4      | Reached skill level 1 in Unarmed Combat
   313 | D:4      | Reached XP level 3. HP: 18/18 MP: 4/4
   313 | D:4      | Reached XP level 4. HP: 23/23 MP: 5/5
   332 | D:5      | Entered Level 5 of the Dungeon
   495 | D:6      | Found a staircase to the Ecumenical Temple.
   500 | D:6      | Noticed Blork the orc
   548 | D:7      | Noticed a giant frog
   553 | D:7      | Killed a giant frog
   553 | D:7      | Reached skill level 7 in Stealth
   553 | D:7      | Reached XP level 5. HP: 26/26 MP: 7/7
   571 | D:8      | Noticed an ice beast
   577 | D:7      | Noticed a hungry ghost
   636 | D:6      | Noticed a giant frog
   657 | D:6      | Killed a giant frog
   667 | D:6      | Reached skill level 8 in Stealth
   728 | D:6      | Noticed a giant frog
   743 | D:6      | Killed a giant frog
   743 | D:6      | Gained mutation: You heal very quickly. [vine stalker growth]
   743 | D:6      | Reached XP level 6. HP: 21/30 MP: 8/8
   781 | D:7      | Found a sparkling altar of Nemelex Xobeh.
   783 | D:7      | Noticed an ice beast
   785 | D:7      | Noticed a black bear
   809 | D:7      | Killed a black bear
  1065 | D:5      | Noticed a centaur
  1066 | D:5      | Noticed a sky beast
  1067 | D:5      | Noticed a sky beast
  1198 | D:7      | Learned a level 2 spell: Swiftness
  1201 | D:7      | Learned a level 2 spell: Repel Missiles
  1235 | D:7      | Noticed a giant frog
  1251 | D:7      | Noticed a centaur
  1276 | D:7      | Killed a giant frog
  1276 | D:7      | Reached skill level 9 in Stealth
  1355 | D:7      | Reached XP level 7. HP: 34/34 MP: 9/9
  1371 | D:7      | Killed a centaur
  1554 | D:8      | Noticed a hill giant skeleton
  1603 | D:8      | Noticed Charly's ghost (experienced VSAs)
  1612 | D:8      | Reached skill level 1 in Charms
  1615 | D:8      | Slain by a hill giant skeleton

Action                   |  1- 3 |  4- 6 |  7- 9 || total
-------------------------+-------+-------+-------++-------
Melee: Unarmed           |    31 |   134 |    30 ||   195
 Fire: Blowgun           |     3 |    10 |     5 ||    18
 Cast: Repel Missiles    |       |       |     1 ||     1
Evoke: Wand              |     1 |     9 |       ||    10
  Use: Scroll            |     2 |     1 |     3 ||     6
 Stab: Sleeping          |     5 |     3 |     2 ||    10
       Distracted        |       |     1 |       ||     1
       Confused          |       |     5 |       ||     5
  Eat: Chunk             |       |     1 |     1 ||     2
